 Dungeon Crawl Stone Soup version 0.31.0-32-g396128a36d (webtiles) character file.

Game seed: 6094851661345431410

112 monsoonserge the Cudgeller (level 4, -8/31 HPs)
             Began as an Octopode Cinder Acolyte on Mar 25, 2024.
             Was a High Priest of Ignis.
             Mangled by a gnoll
             ... wielding a +0 halberd
              (9 damage)
             ... on level 3 of the Dungeon.
             The game lasted 00:06:24 (1980 turns).

monsoonserge the Cudgeller (OpCA)                   Turns: 1980, Time: 00:06:24

Health: -8/31      AC:  1    Str: 15    XL:     4   Next: 95%
Magic:  0/6        EV: 12    Int: 16    God:    Ignis [*****.]
Gold:   77         SH:  0    Dex:  7    Spells: 0/5 levels left

rFire   + . .        t - +0 whip (elec)
rCold   . . .        (no shield)
rNeg    . . .        (helmet restricted)
rPois   .            (no amulet)
rElec   .            b - ring of flight
rCorr   .            (no ring)
SInv    .            (no ring)
Will    .....        (no ring)
Stlth   ++           (no ring)
HPRegen 0.25/turn    (no ring)
MPRegen 0.10/turn    (no ring)
                     (no ring)

%: no passive effects
@: flying, very slightly contaminated
A: almost no armour, amphibious, 8 rings, camouflage 1, gelatinous body 1,
(nimble swimmer 1), tentacles
a: Renounce Religion, Fiery Armour, Foxfire Swarm, Rising Flame


You were on level 3 of the Dungeon.
You worshipped Ignis.
Ignis was extremely pleased with you.
You visited 1 branch of the dungeon, and saw 3 of its levels.

You collected 77 gold pieces.

Inventory:

Hand Weapons
 a - a -1 mace of flaming
 t - a +0 whip of electrocution (weapon)
Missiles
 m - 4 atropa-tipped darts
 p - 5 boomerangs (quivered)
Magical Staves
 k - a staff of conjuration
Jewellery
 b - a ring of flight (left tentacle)
Talismans
 r - a maw talisman
Scrolls
 c - 2 scrolls of enchant armour {unknown}
 d - 3 scrolls of teleportation
 h - a scroll of enchant weapon {unknown}
 j - a scroll of identify {unknown}
 l - a scroll of silence {unknown}
 q - a scroll of fear {unknown}
 s - a scroll of fog {unknown}
Potions
 e - a potion of attraction {unknown}
 f - a potion of ambrosia {unknown}
 g - 2 potions of might {unknown}
 i - a potion of curing {unknown}
 n - a potion of mutation {unknown}
 o - a potion of brilliance {unknown}


   Skills:
 + Level 3.3 Fighting
 + Level 3.7 Maces & Flails
 + Level 0.4 Dodging
 + Level 1.4 Stealth
 + Level 1.0 Unarmed Combat
 + Level 1.3 Spellcasting
 * Level 0.1 Conjurations
 + Level 3.6 Fire Magic
 * Level 1.0 Air Magic
 * Level 0.6 Alchemy


You couldn't memorise any spells.
You knew the following spells:

 Your Spells              Type           Power      Damage    Failure   Level
a - Scorch                Fire           24%        2d6       8%          2
b - Mephitic Cloud        Conj/Alch/Air  2%         N/A       47%         3

Your spell library contained the following spells:

 Spells                   Type           Power      Damage    Failure   Level
 Shock                    Conj/Air       8%         1d3       19%         1
 Kiss of Death            Conj/Necr      4%         2d5       22%         1
 Mercury Vapours          Alch/Air       6%         N/A       24%         2
 Swiftness                Air            4%         N/A       41%         3
 Frozen Ramparts          Ice            2%         1d1       54%         3
 Airstrike                Air            2%         2d(1-17)  82%         4
 Leda's Liquefaction      Alch/Erth      1%         N/A       89%         4
 Petrify                  Alch/Erth      2%         N/A       89%         4
 Freezing Cloud           Conj/Ice/Air   1%         6-21      99%         5
 Metabolic Englaciation   Hex/Ice        0%         N/A       99%         5
 Infestation              Necr           0%         N/A       100%        8


Dungeon Overview and Level Annotations

Branches:
Dungeon (3/15)

Altars:


Innate Abilities, Weirdness & Mutations

You cannot wear most types of armour.
You are amphibious.
You can wear up to eight rings at the same time.
Your skin changes colour to match your surroundings (Stealth+).
Your rubbery body absorbs attacks. (AC +1, EV +1)
((You are camouflaged when in or above water. (Stealth+)))
You have tentacles for arms and can constrict up to eight enemies at once.


Message History

You hit the gnoll but do no damage. Your grab misses the gnoll.
Your tentacle-slap misses the gnoll.
The gnoll is moderately wounded.
You hit the gnoll. You grab the gnoll.
The gnoll is heavily wounded.
You constrict the gnoll. The gnoll misses you.
The gnoll hits you from afar with a +0 spear!
Casting: Scorch (safe; 8% risk of failure)
Confirm with . or Enter, or press ? or * to list all spells.
Flames lash the gnoll.
You kill the gnoll!
The gnoll hits you from afar with a +0 spear.
Your Air Magic skill increases to level 1!
Unknown command.
Casting: Scorch (safe; 8% risk of failure)
Confirm with . or Enter, or press ? or * to list all spells.
You miscast Scorch.
You are very lightly contaminated with residual magic.
Nothing appears to happen.
The gnoll closely misses you.
Casting: Scorch (safe; 8% risk of failure)
Confirm with . or Enter, or press ? or * to list all spells.
Flames lash the gnoll.
The gnoll is severely wounded.
The gnoll's fire resistance burns away.
The gnoll barely misses you.
Unknown command.
The gnoll hits you from afar with a +0 halberd.
The gnoll hits you but does no damage.
You see here a +0 club.
You barely miss the gnoll. Your grab misses the gnoll.
The gnoll is moderately wounded.
The gnoll hits you from afar with a +0 halberd!
* * * LOW HITPOINT WARNING * * *
The gnoll hits you with a +0 spear!
* * * LOW HITPOINT WARNING * * *
Unknown command.
You closely miss the gnoll. You grab the gnoll. You squeeze the gnoll!
The gnoll is almost dead.
You constrict the gnoll.
The gnoll hits you from afar with a +0 halberd!
You die...

########...
#..@gg.....
#.######... #.#
#.# #.# #.#####
#.....#
#############.#
#.........###.#


You could see 2 gnolls.

Vanquished Creatures
  A gnoll (D:3)
  3 adders (D:2)
  2 ribbon worms
  5 endoplasms
  2 giant cockroaches
  7 goblins
  11 hobgoblins
  7 jackals (D:3)
  3 quokkas
  5 ball pythons
  6 bats
  4 frilled lizards
  5 kobolds
  6 rats
67 creatures vanquished.

Notes
Turn   | Place    | Note
-------+----------+-------------------------------------------
     0 | D:1      | monsoonserge the Octopode Cinder Acolyte began the quest
                  | for the Orb.
     0 | D:1      | Reached XP level 1. HP: 16/16 MP: 2/2
     8 | D:1      | Got the Grimoire of the Dead and the Lungs
   194 | D:1      | Reached XP level 2. HP: 14/21 MP: 3/3
   197 | D:1      | Learned a level 2 spell: Scorch
   852 | D:1      | Reached XP level 3. HP: 20/26 MP: 4/4
  1023 | D:2      | Reached skill level 1 in Unarmed Combat
  1165 | D:2      | Reached XP level 4. HP: 31/31 MP: 5/5
  1177 | D:2      | Reached skill level 1 in Stealth
  1320 | D:2      | Learned a level 3 spell: Mephitic Cloud
  1976 | D:3      | Reached skill level 1 in Air Magic
  1979 | D:3      | HP: 1/31 [gnoll/+0 spear (7)]
  1980 | D:3      | Mangled by a gnoll

Illustrated notes

Levels and vault maps discovered:
D:1:      dpeg_arrival_refuge, layout_basic
D:2:      layout_rooms
D:3:      layout_basic

Skill      XL: |  1  2  3  4 |
---------------+-------------+-----
Unarmed Combat | 1 |  1.0
Stealth        | 1 |  1.4
Air Magic      | 1 |  1.0
Fighting       | |  3.3
Maces & Flails | |  3.7
Dodging        | |  0.4
Spellcasting   | |  1.3
Conjurations   | |  0.1
Fire Magic     | |  3.6
Alchemy        | |  0.6

Action                     |  1- 3 |  4- 6 || total
---------------------------+-------+-------++-------
  Melee: Mace              |    54 |    39 ||    93
         Constrict         |    15 |    18 ||    33
         Tentacles         |     7 |    11 ||    18
         Whip              |       |    23 ||    23
  Throw: Boomerang         |       |     3 ||     3
   Cast: Scorch            |     7 |     2 ||     9
    Use: Scroll            |     1 |       ||     1
   Stab: Sleeping          |     1 |     1 ||     2
         Distracted        |     1 |       ||     1
 Armour: Skin              |    23 |    38 ||    61
  Dodge: Dodged            |    42 |    43 ||    85
